 Dungeon Crawl Stone Soup version 0.29-a0-620-g13ace881f2 (webtiles) character file.

Game seed: 1960589339143915439

749 IdlyInterested the Cudgeller (level 7, 0/53 HPs)
             Began as a Demonspawn Fighter on June 18, 2022.
             Slain by a lemure (5 damage)
             ... led by Pikel
             ... on level 5 of the Dungeon.
             The game lasted 00:11:58 (5047 turns).

IdlyInterested the Cudgeller (Demonspawn Fighter)   Turns: 5047, Time: 00:11:58

Health: 0/53       AC: 12    Str: 17    XL:     7   Next: 48%
Magic:  8/8        EV:  5    Int: 11    God:
Gold:   194        SH:  5    Dex: 12    Spells: 7/7 levels left

rFire   . . .      SeeInvis .   a - +1 flail
rCold   . . .      Faith    .   c - +1 buckler
rNeg    . . .      Spirit   .   f - +0 plate armour
rPois   .          Reflect  .   (no helmet)
rElec   .          Harm     .   (no cloak)
rCorr   .          Rampage  .   w - +0 pair of gloves
Will    .....                   (no boots)
Stlth   ..........              (no amulet)
HPRegen 0.17/turn               n - ring of flight
MPRegen 0.11/turn               (no ring)

@: flying
A: hooves 1, foul stench 2, claws 1, subdued magic 2
a: no special abilities


You were on level 5 of the Dungeon.
You visited 2 branches of the dungeon, and saw 6 of its levels.

You collected 194 gold pieces.

Inventory:

Hand Weapons
 a - a +1 flail (weapon)
Missiles
 e - 106 stones (quivered)
 m - 6 poisoned darts
 p - 2 boomerangs
 q - 5 javelins
Armour
 b - a +0 scale mail
 c - a +1 buckler (worn)
 f - a +0 plate armour (worn)
 h - a +0 chain mail
 w - a +0 pair of gloves (worn)
 x - the +2 robe "Fyeta" {+Inv rN+++ Will- Slay-2}
   (You found it on level 4 of the Dungeon)

   Slay:      It affects your accuracy & damage with ranged weapons and melee
   (-2).
   rN:        It renders you almost immune to negative energy.
   +Inv:      It lets you turn invisible.
   Will:      It decreases your willpower.
Jewellery
 n - a ring of flight (left hand)
 y - a ring of ice
Scrolls
 i - a scroll of teleportation
 l - a scroll of vulnerability
 r - 2 scrolls of enchant weapon
Potions
 d - 3 potions of might
 g - a potion of brilliance
 j - a potion of curing
 k - 2 potions of mutation
 s - a potion of berserk rage
 u - a potion of heal wounds


   Skills:
 * Level 3.8 Fighting
 * Level 5.1 Maces & Flails
 - Level 1.0 Throwing
 - Level 2.6 Armour
 - Level 4.0 Dodging
 - Level 1.0 Stealth
 - Level 2.6 Shields
 + Level 0.6 Spellcasting
 - Level 2.0 Invocations
 - Level 2.0 Evocations


You had 7 spell levels left.
You didn't know any spells.
Your spell library contained the following spells:

 Spells                   Type           Power      Damage    Failure   Level
 Ensorcelled Hibernation  Hex/Ice        0%         N/A       100%        2
 Passwall                 Tmut/Erth      0%         N/A       100%        2
 Swiftness                Air            0%         N/A       100%        3


Dungeon Overview and Level Annotations

Branches:
Dungeon (5/15)             Temple (1/1) D:5

Altars:
Ashenzari
Cheibriados
Dithmenos
Fedhas
Gozag
Hepliaklqana
Kikubaaqudgha
Makhleb
Okawaru
Ru
Sif Muna
Trog
Uskayaw
Vehumet
Yredelemnul
Zin
The Shining One

Shops:
D:5 =


Innate Abilities, Weirdness & Mutations

You have large cloven feet.
You sometimes emit foul miasma when damaged in melee.
You have sharp fingernails.
Your spells are easier to cast, but less powerful.


Message History

You barely miss the lemure. Your kick misses the lemure.
You block the lemure's attack.
You completely miss the lemure. Your kick misses the lemure.
The lemure barely misses you.
You hit the lemure but do no damage. The lemure barely misses you.
You hit the lemure but do no damage. You kick the lemure, but do no damage.
The lemure completely misses you.
You hit the lemure. Your kick misses the lemure.
The lemure is lightly wounded.
You block the lemure's attack.
You closely miss the lemure. Your kick misses the lemure.
The lemure is lightly wounded.
The lemure hits you but does no damage. The lemure hits you.
* * * LOW HITPOINT WARNING * * *
You emit a cloud of foul miasma!
You closely miss the lemure.
The lemure is lightly wounded.
The lemure hits you.
* * * LOW HITPOINT WARNING * * *
You barely miss the lemure. You kick the lemure, but do no damage.
The lemure is lightly wounded.
The lemure hits you but does no damage.
You hit the lemure but do no damage.
The lemure is lightly wounded.
The lemure hits you.
* * * LOW HITPOINT WARNING * * *
You closely miss the lemure. Your kick misses the lemure.
The lemure is lightly wounded.
The lemure hits you but does no damage.
You barely miss the lemure. You kick the lemure, but do no damage.
The lemure is lightly wounded.
The lemure hits you.
* * * LOW HITPOINT WARNING * * *
You closely miss the lemure. You kick the lemure, but do no damage.
The lemure is lightly wounded.
The lemure hits you but does no damage. x2
You barely miss the lemure. Your kick misses the lemure.
The lemure is lightly wounded.
The lemure hits you.
You die...

#...5. .♣.#.# ≈≈♣P.
∩....# #≈≈P. ♣.♣..?.
#.... .....## #...
+# ##.....'. #.. .#
#......#
#..###.###.##+##..
#.55@..#P.P# ######
#..##.##≈.≈####....#
##.####≈≈.≈≈##.♣.♣.#
#5.#P≈≈≈.≈≈≈P.....#
##.5...........8..#
#.#P≈≈≈.≈≈≈P.....#
#.###≈≈.≈≈##.♣.♣.#
......
##..##≈.≈####....#
....... #...#P.P#
######


You could see 2 lemures.

Vanquished Creatures
  Duvessa (D:4)
  An ice beast (D:5)
  A phantom (D:4)
  A lemure (D:5)
  2 scorpions
  Dowan (D:4)
  A howler monkey (D:5)
  An orc wizard (D:5)
  Terence (D:2)
  11 adders
  4 gnolls (D:3)
  A worm (D:3)
  17 orcs
  11 ball pythons
  6 bats
  5 endoplasms
  2 giant cockroaches
  4 hobgoblins
  3 jackals (D:3)
  2 quokkas
  2 training dummies (D:4)
  4 frilled lizards
  4 goblins
  5 kobolds
  A rat (D:1)
92 creatures vanquished.

Notes
Turn   | Place    | Note
-------+----------+-------------------------------------------
     0 | D:1      | IdlyInterested the Demonspawn Fighter began the quest for
                  | the Orb.
     0 | D:1      | Reached XP level 1. HP: 18/18 MP: 1/1
   137 | D:1      | Reached skill level 2 in Maces & Flails
   278 | D:1      | Found a faded altar of an unknown god.
   372 | D:1      | Gained mutation: You may rarely emit foul miasma when
                  | damaged in melee. [demonic ancestry]
   372 | D:1      | Reached XP level 2. HP: 24/24 MP: 2/2
   647 | D:2      | Noticed Terence
   658 | D:2      | Killed Terence
   659 | D:2      | Reached skill level 1 in Dodging
   659 | D:2      | Reached skill level 1 in Stealth
   659 | D:2      | Gained mutation: You have large cloven feet. [demonic
                  | ancestry]
   659 | D:2      | Reached XP level 3. HP: 19/29 MP: 3/3
  1391 | D:2      | Reached XP level 4. HP: 31/35 MP: 4/4
  1752 | D:2      | Reached skill level 3 in Maces & Flails
  1952 | D:2      | Gained mutation: Your spells are a little easier to cast,
                  | but a little less powerful. [potion of mutation]
  1952 | D:2      | Gained mutation: Your spells are easier to cast, but less
                  | powerful. [potion of mutation]
  1952 | D:2      | Gained mutation: You have sharp fingernails. [potion of
                  | mutation]
  2033 | D:3      | Reached skill level 1 in Throwing
  2371 | D:3      | Found a blossoming altar of Fedhas.
  2463 | D:3      | Gained mutation: You sometimes emit foul miasma when
                  | damaged in melee. [demonic ancestry]
  2463 | D:3      | Reached XP level 5. HP: 30/41 MP: 5/5
  2468 | D:3      | Reached skill level 1 in Invocations
  3549 | D:4      | Noticed a phantom
  3571 | D:4      | Killed a phantom
  3572 | D:4      | Reached skill level 4 in Maces & Flails
  3572 | D:4      | Reached XP level 6. HP: 46/47 MP: 7/7
  3758 | D:4      | Identified the +2 robe "Fyeta" {+Inv rN+++ Will- Slay-2}
  3903 | D:4      | Noticed Duvessa
  3903 | D:4      | Noticed Dowan
  3910 | D:4      | Killed Duvessa
  3917 | D:4      | Killed Dowan
  3918 | D:4      | Reached skill level 1 in Evocations
  4233 | D:4      | Reached XP level 7. HP: 52/52 MP: 8/8
  4450 | D:5      | Entered Level 5 of the Dungeon
  4560 | D:5      | Found a staircase to the Ecumenical Temple.
  4569 | Temple   | Entered the Ecumenical Temple
  4775 | D:5      | Reached skill level 5 in Maces & Flails
  4972 | D:5      | Found Jor Orio's Jewellery Boutique.
  5047 | D:5      | Slain by a lemure

Illustrated notes

Levels and vault maps discovered:
D:1:      heliophobic_arrival_henge, layout_basic,
          dreamdust_ecumenical_altar_statues
D:2:      layout_basic, hangedman_abyss_or_decor_lesser_grid,
          minmay_misc_feat_rugged, st_stairs_6, nrook_mini_vaults, uniq_terence
D:3:      layout_basic, mainiacjoe_overflow_brackets, hangedman_feature_mirror
D:4:      dreamdust_elfheim, layout_loops_ring, hangedman_decor_slide_cut
D:5:      layout_basic, gammafunk_temple_overflow_statue, temple_fountains,
          serial_bayou, serial_bayou_crossing, serial_bayou_shore_b,
          serial_bayou_shore_b, serial_bayou_pond_d,
          kennysheep_decorative_pillar, dreamdust_princess_bridge,
          mrwooster_statue_mirror, minmay_shop_grid_forest, minmay_mini_ossuary,
          uniq_pikel
Temple:   kb_temple_of_zot

Skill      XL: |  1  2  3  4  5  6  7 |
---------------+----------------------+-----
Maces & Flails | 2 3 4 5 |  5.1
Dodging        | 1 2 3 4 |  4.0
Stealth        | 1 |  1.0
Throwing       | 1 |  1.0
Invocations    | 2 |  2.0
Evocations     | 1 2 |  2.0
Fighting       | |  3.8
Armour         | |  2.6
Shields        | |  2.6
Spellcasting   | |  0.6

Action                   |  1- 3 |  4- 6 |  7- 9 || total
-------------------------+-------+-------+-------++-------
Melee: Flail             |    63 |   186 |    69 ||   318
       Kick              |     7 |    41 |    18 ||    66
       Punch             |       |     1 |       ||     1
  Use: Potion            |     1 |     2 |     2 ||     5
       Scroll            |       |     8 |     3 ||    11
Armor: Scale mail        |    16 |       |       ||    16
       Plate armour      |    34 |   145 |    52 ||   231
Dodge: Dodged            |    13 |    47 |    17 ||    77
Block: Buckler           |    15 |     9 |    15 ||    39

Table legend: (Time is in decaauts)
 A = Elapsed time spent in this place.
 B = Non-inter-level travel time spent in this place.
 C = Inter-level travel time spent in this place.
 D = Time resting spent in this place.
 E = Time spent auto-exploring this place.
 F = Levels seen in this place.
 G = Mean time per level.
                   A        B        C        D        E       F      G
               +--------+--------+--------+--------+--------+-----+--------+
         Total |   5103 |   4973 |    130 |    817 |   3082 |   6 |  850.5 |
       Dungeon |   4996 |   4866 |    130 |    817 |   3002 |   5 |  999.2 |
        Temple |    106 |    106 |      0 |      0 |     80 |   1 |  106.0 |
               +--------+--------+--------+--------+--------+-----+--------+

Top non-repeatable levels by time:
     D:2: 1390 daAuts
     D:3: 1351 daAuts
     D:4: 1098 daAuts
     D:1: 654 daAuts
     D:5: 501 daAuts
  Temple: 106 daAuts
